 Dungeon Crawl Stone Soup version 0.13-a0-2907-g70ca29e (webtiles) character file.

5220 PolkaDot the Conjurer (level 10, -3/59 (61) HPs)
             Began as a Vampire Wizard on Aug 31, 2013.
             Was a Believer of Vehumet.
             Slain by a molten gargoyle (7 damage)
             ... on Level 9 of the Dungeon on Sept 1, 2013.
             The game lasted 01:17:24 (12173 turns).

PolkaDot the Conjurer (Vampire Wizard)             Turns: 12173, Time: 01:17:24

HP  -3/59 (61)   AC  4     Str  6      XL: 10   Next: 26%
MP  11/20        EV 12     Int 22 (23) God: Vehumet [**....]
Gold 323         SH  0     Dex 12      Spells:  6 memorised,  5 levels left

Res.Fire  : . . .   See Invis. : +   s - -1,+1 dwarf dagger (curse)
Res.Cold  : . . .   Warding    : .   a - +1 robe (curse)
Life Prot.: . . .   Conserve   : +   (no shield)
Res.Poison: +       Res.Corr.  : .   b - +0 wizard hat
Res.Elec. : .       Clarity    : .   (no cloak)
Sust.Abil.: . .     Spirit.Shd : .   u - +0 pair of gloves
Res.Mut.  : .       Stasis     : .   (no boots)
Res.Rott. : .       Flight     : .   o - cursed amulet of conservation {unknown}
Saprovore : . . .                    (no ring)
                                     d - cursed ring of poison resistance

@: regenerating quickly, somewhat resistant to hostile enchantments, stealthy
A: bottle blood, fangs 3, see invisible, sense surroundings 1, unbreathing
a: Bottle Blood, Renounce Religion


You were on level 9 of the Dungeon.
You worshipped Vehumet.
Vehumet was most pleased with you.
You were full.

You visited 2 branches of the dungeon, and saw 10 of its levels.

You collected 380 gold pieces.
You spent 77 gold pieces at shops.

Inventory:

Hand weapons
 g - a +4,+0 elven short sword
 h - a -1,+4 orcish short sword
 s - a cursed -1,+1 dwarven dagger (weapon)
Missiles
 w - 2 darts (quivered)
Armour
 a - a cursed +1 robe (worn)
 b - a +0 wizard hat (worn)
 k - a +0 fire dragon armour
 u - a +0 pair of gloves (worn)
Magical devices
 n - a wand of digging (16) {unknown}
 q - a wand of random effects (12)
Scrolls
 e - 4 scrolls of identify
 f - 2 scrolls of fog
 i - 2 scrolls of enchant armour
 r - 2 scrolls of fear
 t - a scroll of magic mapping
Jewellery
 d - a cursed ring of poison resistance (left hand)
 o - a cursed amulet of conservation (around neck) {unknown}
Potions
 m - 3 potions of restore abilities
 v - a potion of brilliance
Books
 c - a book of Minor Magic

   Spells                             Type                      Level
   *Magic Dart                        Conjuration                  1
   *Blink                             Translocation                2
   Call Imp                           Summoning                    2
   Repel Missiles                     Charms/Air                   2
   Slow                               Hexes                        2
   *Conjure Flame                     Conjuration/Fire             3
   Mephitic Cloud                     Conjuration/Poison/Air       3
 j - a book of Party Tricks

   Spells                             Type                      Level
   Summon Butterflies                 Summoning                    1
   *Apportation                       Translocation                1
   *Blink                             Translocation                2
   Alistair's Intoxication            Transmutation/Poison         4
   Tukima's Dance                     Hexes                        5


   Skills:
 - Level 2.1 Dodging
 - Level 3.0 Stealth
 - Level 3.0 Spellcasting
 * Level 11.4 Conjurations
   Level 1.0 Summonings
 + Level 1.6 Translocations


You had 5 spell levels left.
You knew the following spells:

 Your Spells              Type           Power        Failure   Level  Hunger
a - Searing Ray           Conj           ######       1%          2    ##.....
b - Magic Dart            Conj           ####         1%          1    None
d - Conjure Flame         Conj/Fire      ####....     4%          3    ###....
s - Sting                 Conj/Pois      ####         1%          1    None
A - Blink                 Tloc           N/A          12%         2    ##.....
S - Apportation           Tloc           ##........   10%         1    None


Dungeon Overview and Level Annotations

Branches:
Dungeon (9/27)             Temple (1/1) D:7
    Orc: D:6-11        Lair: D:8-13

Altars:
Ashenzari
Cheibriados
Elyvilon
Fedhas
Kikubaaqudgha
Makhleb
Nemelex Xobeh
Okawaru
Sif Muna
Trog
Vehumet
Xom
Yredelemnul
Zin
the Shining One

Shops:
D:8 ?%


Innate Abilities, Weirdness & Mutations

Your natural rate of healing is unusually fast.
You can bottle blood from corpses.
You have razor-sharp teeth.*
You have supernaturally acute eyesight.
You can survive without breathing.*
You passively map a small area around you.+


Message History

The molten gargoyle is lightly damaged.
The molten gargoyle bites you but does no damage.
The molten gargoyle claws you.
The molten gargoyle completely misses you.
The searing ray hits the molten gargoyle.
The molten gargoyle is lightly damaged.
The molten gargoyle bites you.
You are engulfed in flames!
The molten gargoyle closely misses you. The molten gargoyle claws you.
The searing ray hits the molten gargoyle.
The molten gargoyle is moderately damaged.
The searing ray hits the ice beast.
The ice beast is severely wounded.
The molten gargoyle bites you.
* * * LOW HITPOINT WARNING * * *
You are engulfed in flames!
* * * LOW HITPOINT WARNING * * *
The molten gargoyle claws you!
* * * LOW HITPOINT WARNING * * *
The molten gargoyle claws you!
You die...

#.########## #####.##### #
#.#.......# #.........#######
..#.......# #................
..........+ +................
###.......#######..........#.....
#.....................##.#.####
#.......###* ########.##.#.#...
########.# #......#.##.#.....
.........# #@#** ,#....#.#.##
.#.#.#.#.# #9# #.#.####.##
#.#.#..# ##I## *,#<.........
..≈.≈...#.#####.9.# #.##.######
≈≈≈≈≈.#§.....!...# ,#..........
≈≈≈≈≈≈.#.#####....##.####.######
§88§≈.#..# #....##............
88≈§.9#.# ##...#######.#####.
≈≈§§#.## #...# #.....#.


You could see 2 molten gargoyles and an ice beast.

Vanquished Creatures
  Pikel (D:7)
  A troll (D:9)
  2 hippogriffs
  A manticore (D:8)
  Menkaure (D:5)
  2 necrophages (D:8)
  3 ice beasts
  An orc warrior (D:8)
  2 sky beasts
  3 slaves (D:7)
  A phantom (D:4)
  An ogre (D:5)
  A centaur (D:5)
  Sigmund (D:5)
  10 big kobolds (D:8)
  7 giant frogs
  A yak zombie (D:7)
  A manticore skeleton (D:8)
  A hippogriff skeleton (D:5)
  3 killer bees (D:8)
  6 crimson imps
  4 orc priests
  2 hounds
  2 jellies (D:8)
  A giant frog skeleton (D:6)
  A centaur zombie (D:5)
  4 scorpions
  4 orc wizards
  10 worker ants
  Jessica (D:3)
  2 giant mites
  11 adders
  2 worms
  An iguana skeleton (D:5)
  An iguana zombie (D:6)
  A giant eyeball (D:4)
  2 oozes
  15 orcs
  3 ball pythons
  7 giant cockroaches
  9 hobgoblins
  9 jackals
  3 quokkas
  10 bats
  5 giant geckos
  4 giant newts
  23 goblins
  17 kobolds
  A kobold skeleton (D:4)
  A quokka zombie (D:5)
  7 rats
  A rat skeleton (D:4)
214 creatures vanquished.

Vanquished Creatures (others)
  An orc wizard (D:3)
  A bat (D:7)
  A kobold (D:7)
3 creatures vanquished.

Grand Total: 217 creatures vanquished

Notes
Turn   | Place    | Note
--------------------------------------------------------------
     0 | D:1      | PolkaDot, the Vampire Wizard, began the quest for the Orb.
     0 | D:1      | Reached XP level 1. HP: 11/11 MP: 6/6
    33 | D:1      | Reached skill level 1 in Conjurations
   281 | D:1      | Reached XP level 2. HP: 10/17 MP: 1/8
   842 | D:1      | Reached XP level 3. HP: 22/22 MP: 10/10
  1464 | D:2      | Learned a level 3 spell: Conjure Flame
  2360 | D:3      | Reached XP level 4. HP: 28/28 MP: 6/12
  2592 | D:3      | Noticed Jessica
  2604 | D:3      | Killed Jessica
  2604 | D:3      | Reached XP level 5. HP: 23/33 MP: 1/13
  3065 | D:3      | Found a shimmering altar of Xom.
  3065 | D:3      | Found a shimmering altar of Xom.
  3066 | D:3      | Found a shimmering altar of Xom.
  3295 | D:4      | Reached skill level 4 in Conjurations
  3473 | D:4      | Found an ancient bone altar of Kikubaaqudgha.
  3473 | D:4      | Noticed a phantom
  3538 | D:4      | Killed a phantom
  3538 | D:4      | Reached XP level 6. HP: 20/39 MP: 1/15
  4360 | D:5      | Entered Level 5 of the Dungeon
  4465 | D:5      | Reached skill level 5 in Conjurations
  4718 | D:5      | Reached XP level 7. HP: 44/44 MP: 7/17
  4884 | D:5      | Noticed Menkaure
  4900 | D:5      | Killed Menkaure
  4900 | D:5      | Reached skill level 6 in Conjurations
  5270 | D:5      | Noticed Sigmund
  5275 | D:5      | Killed Sigmund
  5449 | D:5      | Reached skill level 7 in Conjurations
  5581 | D:5      | Reached XP level 8. HP: 28/50 MP: 11/18
  6414 | D:6      | Reached skill level 8 in Conjurations
  6868 | D:7      | Noticed Pikel
  6984 | D:7      | Found a staircase to the Ecumenical Temple.
  7021 | Temple   | Entered the Ecumenical Temple
  7314 | Temple   | Became a worshipper of Vehumet
  8261 | D:7      | Found a basalt altar of Yredelemnul.
  8594 | D:7      | Killed Pikel
  8594 | D:7      | Reached skill level 9 in Conjurations
  8594 | D:7      | Reached XP level 9. HP: 44/55 MP: 8/19
  9611 | D:8      | Reached skill level 10 in Conjurations
  9617 | D:8      | Found Muosog's Food Shoppe.
  9972 | D:8      | Acquired Vehumet's first power
  9972 | D:8      | Offered knowledge of Sting by Vehumet.
  9975 | D:8      | Learned a level 1 spell: Sting
 10272 | D:8      | Identified a scroll of acquirement
 10322 | D:8      | Found Qinapug's Magic Scroll Shoppe.
 10331 | D:8      | Bought a scroll of enchant armour for 77 gold pieces
 10840 | D:8      | Reached skill level 11 in Conjurations
 10896 | D:8      | Reached XP level 10. HP: 23/60 MP: 2/20
 11537 | D:8      | Offered knowledge of Searing Ray by Vehumet.
 11541 | D:8      | Learned a level 2 spell: Searing Ray
 11543 | D:8      | Learned a level 1 spell: Apportation
 11546 | D:8      | Learned a level 2 spell: Blink
 11603 | D:8      | Reached skill level 1 in Translocations
 11783 | D:9      | HP: 2/60 [troll (14)]
 12167 | D:9      | Gained mutation: You passively map a small area around you. [potion of mutation]
 12173 | D:9      | Slain by a molten gargoyle

Action                   |  1- 3 |  4- 6 |  7- 9 | 10-12 || total
-------------------------+-------+-------+-------+-------++-------
Melee: Unarmed           |       |     4 |       |       ||     4
       Dagger            |       |    37 |    20 |     3 ||    60
 Cast: Magic Dart        |   104 |   162 |   374 |    16 ||   656
       Conjure Flame     |     5 |    14 |    35 |     9 ||    63
       Sting             |       |       |    76 |    97 ||   173
       Searing Ray       |       |       |       |     5 ||     5
 Abil: End Transformatio |       |       |     5 |       ||     5
       Bat Form          |       |       |     5 |       ||     5
Evoke: Wand              |       |     1 |       |       ||     1
  Use: Potion            |       |     7 |     6 |     7 ||    20
       Scroll            |       |    12 |    10 |     1 ||    23
